 Dungeon Crawl Stone Soup version 0.27-a0-1101-ge311f74bc8 (webtiles) character file.

Game seed: 4474294649184477753

304 Mgcat the Insei (level 6, 0/45 HPs)
             Began as a Djinni Transmuter on Apr 28, 2021.
             Shot with an arrow by a centaur (12 damage)
             ... on level 4 of the Dungeon.
             The game lasted 00:08:52 (5040 turns).

Mgcat the Insei (Djinni Transmuter)                 Turns: 5040, Time: 00:08:53

Health: 0/45       AC:  2    Str: 11    XL:     6   Next: 38%
Gold:   843        EV: 21    Int: 14    God:
                   SH:  0    Dex: 19

rFire    . . .     SeeInvis .     - Unarmed
rCold    . . .     Faith    .   (shield currently unavailable)
rNeg     . . .     Spirit   .   (armour currently unavailable)
rPois    ∞         Reflect  .   (helmet currently unavailable)
rElec    .         Harm     .   (cloak currently unavailable)
rCorr    .         Rampage  .   (gloves currently unavailable)
Will     .....                  (boots unavailable)
Stlth    ++........             (no amulet)
HPRegen  0.15/turn              (no ring)
MPRegen  0.00/turn              (no ring)

@: spider-form, flying
A: venomous fangs, flying, tiny, (fire resistance 2), (cold vulnerability 1),
float, innate caster, hp casting, extra vitality 1
a: End Transformation


You were on level 4 of the Dungeon.
You were a venomous arachnid creature.
You visited 1 branch of the dungeon, and saw 4 of its levels.
You also visited: Sewer.

You collected 843 gold pieces.

Inventory:

Missiles
 g - 2 throwing nets {=f, !d}
 i - 4 boomerangs of dispersal {=f}
Armour
 a - a +0 robe (melded)
 e - the +1 cloak of Narcissism (melded) {rN++}
   (You acquired it on level 3 of the Dungeon)

   It greatly protects you from negative energy.
 j - a +0 pair of gloves (melded)
   (You found it on level 2 of the Dungeon)
Jewellery
 l - an amulet of faith {Faith, !P}
   (You took it off a goblin on level 3 of the Dungeon)
Wands
 c - a wand of polymorph (7)
   (You took it off Ijyb on level 3 of the Dungeon)
Scrolls
 m - a scroll of magic mapping {unknown}
Potions
 b - 2 potions of heal wounds {unknown}
 d - 2 potions of brilliance {unknown}
 f - a potion of curing
 h - 2 potions of degeneration {unknown}
 k - 2 potions of flight {unknown}
 n - a potion of invisibility {unknown}


   Skills:
 + Level 2.8 Fighting
 + Level 3.6 Dodging
 + Level 4.1 Unarmed Combat
 * Level 3.6 Spellcasting


You couldn't memorise any spells.
You knew the following spells:

 Your Spells              Type           Power      Damage    Failure   Level
a - Beastly Appendage     Tmut           24%        N/A       13%         1
b - Wereblood             Tmut           12%        N/A       19%         2
c - Spider Form           Tmut/Pois      6%         N/A       30%         3
d - Ice Form              Ice/Tmut       12%        N/A       63%         4
e - Hydra Form            Tmut           6%         N/A       90%         5
f - Pain                  Necr           48%        1d6       13%         1
g - Poisonous Vapours     Pois/Air       24%        N/A       19%         2
Your spell library was empty.

Dungeon Overview and Level Annotations

Branches:
Dungeon (4/15)              Sewer (visited)
 Temple: D:4-7

Altars:
Uskayaw

Portals:
Abyss: D:3

Annotations:
D:3 2 transporters, PeterLawrence's ghost, amateur MiFi


Innate Abilities, Weirdness & Mutations

You are a venomous arachnid creature.
You have poisonous fangs.
You are tiny and dextrous.
You are flying.
Your spellcasting is less reliable in this form.
Your armour is entirely melded.
You are incapable of wielding weapons or throwing items.
You are immune to poison.
((Your flesh is very heat resistant. (rF++)))
((You are vulnerable to cold. (rC-)))
You float through the air rather than walking.
You learn spells naturally, not from books.
Your magical power is your life essence.
You have superior vitality. (+4 HP)


Message History

The gnoll hits you with a +0 flail.
You take 4 damage, and have 24/45 hp.
Warning x2: The gnoll can hit for moderate damage in melee, and throws nets! x2
You bite the gnoll!
The gnoll is poisoned.
The gnoll is almost dead.
The gnoll barely misses you.
Your magical contamination has completely faded away.
Warning x2: The gnoll can hit for moderate damage in melee, and throws nets!
The gnoll (very poisoned) can hit for moderate damage in melee, and throws nets!
You hit the gnoll.
You kill the gnoll!
Your transformation has ended.
The +1 cloak of Narcissism {rN++} unmelds from your body.
Your +0 pair of gloves unmelds from your body.
Your +0 robe unmelds from your body.
Things that are here:
a +0 flail; a gnoll corpse Spoiler Alert: The gnoll can hit for moderate damage in melee, and throws nets!
The gnoll closely misses you. The gnoll barely misses you.
You closely miss the gnoll. The gnoll hits you with a +0 spear.
You take 5 damage, and have 19/45 hp.
Casting: Spider Form (dangerous; 14% risk of failure)
Confirm with . or Enter, or press ? or * to list all spells.
You turn into a venomous arachnid creature.
The +1 cloak of Narcissism {rN++} melds into your body.
Your +0 pair of gloves melds into your body.
Your +0 robe melds into your body.
Your transformation is almost over.
The gnoll barely misses you.
You take 3 damage, and have 16/45 hp.
Spoiler Alert: The gnoll can hit for moderate damage in melee, and throws nets!
You hit the gnoll.
The gnoll is poisoned.
The gnoll is lightly wounded.
The gnoll hits you with a +0 spear!
* * * LOW HITPOINT WARNING * * *
You take 7 damage, and have 9/45 hp.
Lua error: [string "/dgldir/rcfiles/crawl-git/Mgcat.rc"]:930: invalid capture index You hit the gnoll but do no damage.
The gnoll looks as sick as possible!
The gnoll is moderately wounded.
The gnoll closely misses you.
Lua error: [string "/dgldir/rcfiles/crawl-git/Mgcat.rc"]:930: invalid capture index You bite the gnoll!
You kill the gnoll!
You start resting.
Your transformation has ended.
The +1 cloak of Narcissism {rN++} unmelds from your body.
Your +0 pair of gloves unmelds from your body.
Your +0 robe unmelds from your body.
You start resting.
A centaur comes into view.
You regained 4 hp, and now have 14/45 hp.
Spoiler Alert: The centaur (wandering) is fast and can hit for moderate damage at range!
A centaur is nearby!
Lua error: [string "/dgldir/rcfiles/crawl-git/Mgcat.rc"]:930: invalid capture index Unknown command.
Lua error: [string "/dgldir/rcfiles/crawl-git/Mgcat.rc"]:930: invalid capture index Saving game... please wait.
Options error: Bad object type '%}\|' for autopickup. (~/.crawlrc:1972) Welcome back, Mgcat the Djinni Transmuter.
Press ? for a list of commands and other information.
A centaur is nearby!
Spoiler Alert: The centaur (wandering) is fast and can hit for moderate damage at range!
You see here a +0 quarterstaff.
You reach down and open the door.
There is an open door here.
Sorry, you're not good enough to have a special ability.
You reach down and close the door.
You regained 3 hp, and now have 19/45 hp.
You start resting.
HP restored.
You regained 19 hp, and now have 38/45 hp.
You start resting.
HP restored.
Health restored: 45 You see here 22 stones.
The centaur shouts!
The centaur unwields a +0 short sword.
The centaur wields a +0 shortbow.
The centaur shoots an arrow.
The arrow hits you.
You take 5 damage, and have 40/45 hp.
Spoiler Alert: The centaur is fast and can hit for moderate damage at range!
You see here 22 stones.
The centaur shoots an arrow.
The arrow hits you!
You take 11 damage, and have 29/45 hp.
MASSIVE DAMAGE!!
The centaur shoots an arrow.
The arrow hits you!
You take 7 damage, and have 22/45 hp.
The centaur shoots an arrow.
The arrow closely misses you.
Spoiler Alert: The centaur is fast and can hit for moderate damage at range!
The centaur shoots an arrow.
The arrow hits you!
You take 8 damage, and have 14/45 hp.
Cast which spell? (? or * to list)
You turn into a venomous arachnid creature.
The +1 cloak of Narcissism {rN++} melds into your body.
Your +0 pair of gloves melds into your body.
Your +0 robe melds into your body.
* * * LOW HITPOINT WARNING * * *
The centaur shoots an arrow.
The arrow closely misses you.
You take 2 damage, and have 12/45 hp.
Spoiler Alert: The centaur is fast and can hit for moderate damage at range!
The centaur shoots an arrow.
The arrow hits you!
You die...

#.#.# #....# #...# ###..# ##..#
#..# #####..#####..##########
.......................#
[......................####
.......................'..#
.......................##.#
...........(....s......##.#
.................####'###.#####
.................####.###.....#
.................##.....#####.#
....^....c.......##.#.#.# #.#
.................##.#.#.# #.#
...>.............##.#.#.# #.#
.................##+#'#.# #.#
........(...............# #.#


You could see a centaur.

Vanquished Creatures
  A kobold brigand (Sewer)
  Jessica (D:2)
  Ijyb (D:3)
  Terence (D:2)
  7 gnolls
  2 adders (D:3)
  2 worms (D:3)
  3 dart slugs
  An orc (D:2)
  4 ball pythons
  6 endoplasms
  2 goblins
  8 hobgoblins
  4 jackals
  5 kobolds
  6 quokkas
  3 bats
  3 frilled lizards
  9 rats
69 creatures vanquished.

Notes
Turn   | Place    | Note
-------+----------+-------------------------------------------
     0 | D:1      | Mgcat the Djinni Transmuter began the quest for the Orb.
     0 | D:1      | Reached XP level 1. HP: 17/17 MP: 0/0
   377 | D:1      | Reached skill level 2 in Spellcasting
   593 | D:1      | Reached XP level 2. HP: 11/22 MP: 0/0
  1059 | D:1      | HP: 3/22 [hobgoblin (3)]
  1063 | D:1      | HP: 1/22 [hobgoblin (2)]
  1502 | D:1      | HP: 4/22 [hobgoblin (4)]
  1504 | D:1      | Reached XP level 3. HP: 5/27 MP: 0/0
  1504 | D:1      | Learned a level 1 spell: Pain
  2001 | D:2      | Found a hide-covered altar of Uskayaw.
  2175 | D:2      | Found a faded altar of an unknown god.
  2189 | D:2      | Noticed Jessica
  2351 | D:2      | Noticed Terence
  2799 | D:2      | Reached XP level 4. HP: 30/33 MP: 0/0
  2821 | D:2      | Killed Terence
  2822 | D:2      | Reached skill level 2 in Fighting
  2822 | D:2      | Reached skill level 3 in Dodging
  3323 | D:2      | Killed Jessica
  3324 | D:2      | Reached skill level 3 in Spellcasting
  3324 | D:2      | Reached XP level 5. HP: 27/38 MP: 0/0
  3324 | D:2      | Learned a level 2 spell: Poisonous Vapours
  3402 | D:3      | Identified 2 scrolls of acquirement
  3402 | D:3      | Acquired the +1 cloak of Narcissism {rN++}
  3409 | D:3      | Acquired 710 gold pieces
  3541 | D:3      | Found a transporter.
  3542 | D:3      | Noticed PeterLawrence's ghost (amateur MiFi)
  3620 | D:3      | Noticed Ijyb
  3638 | D:3      | Killed Ijyb
  3825 | D:3      | Found a glowing drain.
  3834 | Sewer    | Entered a sewer
  3925 | Sewer    | Noticed a kobold brigand
  3934 | Sewer    | Killed a kobold brigand
  3935 | Sewer    | Reached skill level 4 in Unarmed Combat
  3935 | Sewer    | Reached XP level 6. HP: 26/45 MP: 0/0
  4069 | Sewer    | Found a white marble altar of Elyvilon.
  4176 | D:3      | Found a transporter.
  4251 | D:3      | Found a one-way gate to the infinite horrors of the Abyss.
  4781 | D:4      | HP: 9/45 [gnoll/+0 spear (7)]
  5040 | D:4      | Shot with an arrow by a centaur

Illustrated notes

Levels and vault maps discovered:
D:1:      dpeg_arrival_fog, layout_loops_corners
D:2:      layout_rooms, hellmonk_ecumenical_altar_heavens_door, basic_altar,
          hangedman_decor_clover_reticule, minmay_pentomino_s2, uniq_terence,
          uniq_jessica
D:3:      layout_basic, gammafunk_ghost_abyssal_escape, serial_co_window_serial,
          co_window_paths_a, co_window_corner_a, co_window_paths_a,
          co_window_cross_1, co_window_of_opportunity_a, co_window_broadway_a,
          co_window_corner_b, co_window_2corner, co_window_unsneaky_path_a,
          co_window_2corner, co_window_2corner, glass_columns_b,
          glass_columns_b, glass_columns_b, glass_columns_b, glass_columns_b,
          cheibrodos_sewer_entry_bend, uniq_ijyb
D:4:      layout_basic, uniq_pikel, uniq_natasha

Skill      XL: |  1  2  3  4  5 |
---------------+----------------+-----
Spellcasting   | 2 3 |  3.6
Fighting       | 2 |  2.8
Dodging        | 3 |  3.6
Unarmed Combat | 4 |  4.1

Action                   |  1- 3 |  4- 6 || total
-------------------------+-------+-------++-------
Melee: Unarmed           |   120 |   123 ||   243
       Headbutt          |     9 |     2 ||    11
       Punch             |     1 |     2 ||     3
 Cast: Beastly Appendage |    15 |     1 ||    16
       Spider Form       |     2 |    12 ||    14
 Abil: End Transformatio |     1 |       ||     1
  Use: Scroll            |       |     4 ||     4
 Stab: Confused          |       |     2 ||     2
Armor: Robe              |    23 |    11 ||    34
       Skin              |       |     3 ||     3
Dodge: Dodged            |    76 |    74 ||   150

Table legend: (Time is in decaauts)
 A = Elapsed time spent in this place.
 B = Non-inter-level travel time spent in this place.
 C = Inter-level travel time spent in this place.
 D = Time resting spent in this place.
 E = Time spent auto-exploring this place.
 F = Levels seen in this place.
 G = Mean time per level.
                   A        B        C        D        E       F      G
               +--------+--------+--------+--------+--------+-----+--------+
         Total |   5023 |   4750 |    273 |   1824 |   2150 |   5 | 1004.6 |
       Dungeon |   4755 |   4482 |    273 |   1701 |   2074 |   4 | 1188.8 |
         Sewer |    268 |    268 |      0 |    123 |     76 |   1 |  268.0 |
               +--------+--------+--------+--------+--------+-----+--------+

Top non-repeatable levels by time:
     D:1: 1865 daAuts
     D:2: 1524 daAuts
     D:3: 942 daAuts
     D:4: 422 daAuts
   Sewer: 268 daAuts

Table legend:
 A = Kills in this place as a percentage of kills in entire the game.
 B = Kills by you in this place as a percentage of kills by you in the entire game.
 C = Kills by friends in this place as a percentage of kills by friends in the entire game.
 D = Other kills in this place as a percentage of other kills in the entire game.
 E = Experience gained in this place as a percentage of experience gained in the entire game.
 F = Experience gained in this place divided by the number of levels of this place that you have seen.
                   A       B       C       D       E      F
               +-------+-------+-------+-------+-------+----------------------
         Total | 100.0 | 100.0 |   N/A |   N/A | 100.0 |  87.0
       Dungeon |  84.1 |  84.1 |   N/A |   N/A |  75.2 |  81.8
         Sewer |  15.9 |  15.9 |   N/A |   N/A |  24.8 | 108.0
               +-------+-------+-------+-------+-------+----------------------
